 Dungeon Crawl Stone Soup version 0.23-a0-484-g29ba69c (webtiles) character file.

101535 rgaf the Fighter (level 16, -3/159 HPs)
             Began as a Naga Earth Elementalist on Nov 30, 2018.
             Was a High Priest of Vehumet.
             Slain by a shock serpent (13 damage)
             ... on level 1 of the Snake Pit.
             The game lasted 00:56:20 (41575 turns).

rgaf the Fighter (Naga Earth Elementalist)         Turns: 41575, Time: 00:56:21

Health: -3/159     AC: 27    Str: 11    XL:     16   Next: 30%
Magic:  22/31      EV:  7    Int: 20    God:    Vehumet [*****.]
Gold:   2500       SH: 12    Dex: 14    Spells: 26/37 levels left

rFire    + . .     SeeInvis +   v - +1 whip (elec)
rCold    . . .     Gourm    .   f - +2 shield {reflect}
rNeg     . . .     Faith    .   w - +2 leather armour {rPois}
rPois    +         Spirit   .   u - +0 helmet
rElec    .         Reflect  +   x - +0 cloak
rCorr    .         Harm     .   D - +2 pair of gloves
MR       ++...                  X - +0 naga barding
Stlth    ++........             l - amulet of the acrobat
HPRegen  0.36/turn              T - ring "Bijoxt" {*Drain rPois rF+ SInv}
MPRegen  0.22/turn              z - +5 ring of protection

@: very slow
A: large, see invisible, deformed body, poison resistance, slowness 2, slow
metabolism 1, spit poison 1, constrict 1, AC +5
a: Spit Poison, Renounce Religion


You were on level 1 of the Snake Pit.
You worshipped Vehumet.
Vehumet was extremely pleased with you.
You were very hungry.

You visited 5 branches of the dungeon, and saw 25 of its levels.

You collected 2590 gold pieces.
You spent 90 gold pieces at shops.

Inventory:

Hand Weapons
 q - a +0 trident of protection
 v - a +1 whip of electrocution (weapon)
Missiles
 b - 164 stones (quivered)
Armour
 f - a +2 shield of reflection (worn)
 u - a +0 helmet (worn)
 w - a +2 leather armour of poison resistance (worn)
 x - a +0 cloak (worn)
 D - a +2 pair of gloves (worn)
 M - the +1 ring mail of Tartarus {rN++ Int+4}
   (You found it on level 12 of the Dungeon)

   It affects your intelligence (+4).
   It greatly protects you from negative energy.
 X - a +0 naga barding (worn)
Magical Staves
 e - an uncursed staff of death
Jewellery
 i - a +2 ring of intelligence
 j - a +3 ring of protection
 l - an amulet of the acrobat (around neck)
 o - an uncursed ring of protection from cold
 r - an uncursed ring of protection from magic
 z - a +5 ring of protection (right hand)
 B - an uncursed ring of protection from magic
 E - an uncursed ring of protection from fire
 P - an uncursed ring of positive energy
 S - an uncursed amulet of rage
 T - the ring "Bijoxt" (left hand) {*Drain rPois rF+ SInv}
   (You bought it in a shop on level 2 of the Orcish Mines)

   [ring of see invisible]

   It protects you from fire.
   It protects you from poison.
   It lets you see invisible.
   It causes draining when unequipped.
 Y - an uncursed ring of resist corrosion
Wands
 a - a wand of enslavement (6)
 h - a wand of flame (22)
 I - a wand of random effects (51)
 N - a wand of iceblast (7)
 Z - a wand of scattershot (3)
Scrolls
 n - 10 scrolls of amnesia
 p - 7 scrolls of enchant armour
 y - 2 scrolls of enchant weapon
 A - a scroll of fear
 G - 3 scrolls of teleportation
 K - 5 scrolls of magic mapping
 L - a scroll of blinking
 Q - a scroll of fog
 U - 3 scrolls of remove curse
Potions
 c - 2 potions of cancellation
 g - 3 potions of flight
 k - 9 potions of curing
 m - a potion of heal wounds
 s - 2 potions of lignification
 t - 6 potions of degeneration
 C - 5 potions of might
 H - 2 potions of mutation
 J - 4 potions of haste
 O - 4 potions of brilliance
 R - 4 potions of agility
 W - 3 potions of resistance
Miscellaneous
 V - a crystal ball of energy
Comestibles
 d - 40 rations


   Skills:
 - Level 14.0 Fighting
 - Level 10.0 Armour
 - Level 1.5 Dodging
 - Level 3.0 Stealth
 - Level 9.0 Shields
 + Level 11.0 Spellcasting
 + Level 9.7 Conjurations
 - Level 1.0 Transmutations
 + Level 13.0 Earth Magic


You had 26 spell levels left.
You knew the following spells:

 Your Spells              Type           Power        Failure   Level  Hunger
a - Sandblast             Erth           ######       1%          1    None
b - Stone Arrow           Conj/Erth      ######       1%          3    None
c - Passwall              Tmut/Erth      #####...     1%          2    None
d - Lee's Rapid Deconstr  Erth           ######....   1%          5    ####...

Your spell library contained the following spells:

 Spells                   Type           Power        Failure   Level  Hunger
 Poison Arrow             Conj/Pois      ####......   36%         6    ######.
 Flame Tongue             Conj/Fire      ####.        1%          1    None
 Throw Flame              Conj/Fire      ####..       1%          2    None
 Conjure Flame            Conj/Fire      ####....     1%          3    None
 Force Lance              Conj/Tloc      ####....     3%          4    ##.....
 Sticky Flame             Conj/Fire      ####....     3%          4    ##.....
 Petrify                  Tmut/Erth      #####...     4%          4    ##.....
 Inner Flame              Hex/Fire       ##......     6%          3    None
 Animate Skeleton         Necr           N/A          8%          1    None
 Apportation              Tloc           ##....       8%          1    None
 Confusing Touch          Hex            ##....       8%          1    None
 Summon Small Mammal      Summ           ##..         8%          1    None
 Fireball                 Conj/Fire      ####......   8%          5    ####...
 Call Imp                 Summ           ##......     12%         2    None
 Call Canine Familiar     Summ           ##......     22%         3    None
 Confuse                  Hex            ##......     22%         3    None
 Gell's Gravitas          Tloc           ##........   22%         3    None
 Portal Projectile        Hex/Tloc       ##....       22%         3    None
 Summon Guardian Golem    Hex/Summ       ##......     22%         3    None
 Bolt of Cold             Conj/Ice       ####......   36%         6    ######.
 Yara's Violent Unravell  Hex/Tmut       ##........   38%         5    ####...
 Ice Form                 Ice/Tmut       ##......     52%         4    ##.....
 Summon Ice Beast         Ice/Summ       ##......     58%         4    ##.....
 Summon Lightning Spire   Summ/Air       ##......     58%         4    ##.....
 Freezing Cloud           Conj/Ice/Air   ###.......   58%         6    ######.
 Metabolic Englaciation   Hex/Ice        ##........   91%         5    ####...
 Ozocubu's Refrigeration  Ice            ##........   94%         6    ######.
 Dispersal                Tloc           ##........   100%        6    ######.
 Simulacrum               Ice/Necr       ##........   100%        6    ######.
 Controlled Blink         Tloc           N/A          100%        8    #######
 Disjunction              Tloc           ##........   100%        8    #######


Dungeon Overview and Level Annotations

Branches:
Dungeon (15/15)            Temple (1/1) D:5            Lair (6/6) D:9
 Shoals (0/4) Lair:2        Snake (1/4) Lair:3        Slime (0/5) Lair:6
    Orc (2/2) D:9             Elf (0/3) Orc:2        Vaults (0/5) D:13
 Depths (0/5) D:15

Altars:
Ashenzari
Cheibriados
Dithmenos
Elyvilon
Fedhas
Gozag
Hepliaklqana
Kikubaaqudgha
Makhleb
Nemelex Xobeh
Okawaru
Qazlal
Ru
Sif Muna
Trog
Uskayaw
Vehumet
Wu Jian
Xom
Yredelemnul
Zin
The Shining One
Beogh
Jiyva

Shops:
D:10 *   D:13 (   Orc:2 *%}%

Annotations:
D:3 1 runed door, Anandil's ghost, amateur GnWn
D:13 3 runed doors, TheEmptyUnknown's ghost, journeyman DrFi
D:14 1 transporter
Lair:3 exclusion: oklob plant
Lair:6 1 runed door
Snake:1 Nikola
Orc:1 3 runed doors, apoch's ghost, journeyman MiBe


Innate Abilities, Weirdness & Mutations

You cannot wear boots.
Your serpentine skin is tough. (AC +5)
You have supernaturally acute eyesight. (SInv)
Armour fits poorly on your strangely shaped body.
Your system is resistant to poisons. (rPois)
You cover ground very slowly.
You have a slow metabolism.
You can spit poison.
You can use your snake-like lower body to constrict enemies.


Message History

You block the shock serpent's attack.
You feel much better.
An anaconda comes into view.
A black mamba comes into view.
You block the shock serpent's attack.
Casting: Sandblast (safe; 1% risk of failure)
Confirm with . or Enter, or press ? or * to list all spells.
Aiming: Sandblast (safe; 1% risk of failure)
Press: ? - help, Shift-Dir - straight line, f/p - shock serpent
Aim: a shock serpent (moderately wounded)
The blast of sand hits the shock serpent.
The shock serpent is moderately wounded.
b - 164 stones The shock serpent bites you but does no damage.
A salamander comes into view. It is wielding a +0 halberd.
The naga hits you with a +0 war axe!
* * * LOW HITPOINT WARNING * * *
You block the naga's attack. The shock serpent bites you!
* * * LOW HITPOINT WARNING * * *
The shock serpent shocks you!
You die...

#########
##.......##
##.........##
#........N..##
#.......@S...#
#............#
##...........#
##......$..##
##......S##
#.....S...
#...........
........N...#


You could see a salamander, an anaconda, a shock serpent, a black mamba and a
naga.

Vanquished Creatures
  A yaktaur captain (D:15)
  5 hydras
  Harold (Lair:2)
  2 centaur warriors
  A catoblepas (D:12)
  An anaconda (Snake:1)
  8 two-headed ogres
  4 death yaks (Lair:4)
  7 orc high priests
  A shock serpent (Snake:1)
  10 skeletal warriors
  6 unseen horrors
  3 deep elf magi
  Pikel (D:5)
  A necromancer (Lair:5)
  An orange crystal statue (D:15)
  2 orc knights (D:15)
  A mana viper (Snake:1)
  A wolf spider (Lair:6)
  2 cyclopes
  10 ugly things
  2 manticores (D:15)
  20 elephants
  2 guardian serpents
  3 centaur zombies
  11 black mambas
  A naga mage (Snake:1)
  Psyche (D:8)
  A gargoyle (D:13)
  15 spiny frogs
  2 rime drakes
  4 kobold demonologists
  2 efreet
  5 komodo dragons
  2 ice devils (Lair:5)
  A freezing wraith (D:15)
  3 meliai
  2 hornets (Lair:6)
  14 trolls
  17 blink frogs
  Prince Ribbit (D:5)
  Grinder (D:5)
  11 slime creatures
  4 dream sheep (Lair:2)
  13 hippogriffs
  2 shadows
  3 redbacks (Lair:6)
  6 spriggans (D:8)
  44 yaks
  11 wyverns
  3 basilisks
  A human (D:7)
  4 hogs (D:7)
  A wraith (D:15)
  3 hungry ghosts
  6 nagas
  4 vampire mosquitoes (D:12)
  6 wargs
  2 acid dragons
  13 porcupines
  14 water moccasins
  3 sky beasts
  3 ice beasts
  17 orc warriors
  A necrophage (D:10)
  4 black bears
  3 phantoms
  12 ogres
  13 centaurs
  10 crocodiles
  9 wolves
  7 big kobolds
  21 bullfrogs
  A wyvern zombie (D:14)
  A wyvern skeleton (D:15)
  2 scorpions
  16 killer bees
  8 wights
  6 electric eels
  4 howler monkeys
  5 crimson imps
  A bullfrog zombie (D:8)
  A quasit (D:12)
  5 hounds
  8 jellies
  A bullfrog skeleton (D:8)
  A gnoll shaman (D:5)
  34 orc priests
  Crazy Yiuf (D:4)
  24 orc wizards
  A centaur skeleton (D:4)
  5 iguanas
  8 worker ants
  4 polar bear simulacra (Lair:5)
  2 wolf simulacra (Lair:5)
  A yak simulacrum (Lair:5)
  A hound zombie (D:9)
  A hound skeleton (D:7)
  2 worker ant zombies
  A howler monkey zombie (D:9)
  3 gnolls (D:5)
  7 adders
  3 shadow imps
  A white imp (Lair:6)
  An ooze (D:2)
  A dart slug (D:1)
  6 leopard geckos
  86 orcs
  5 giant cockroaches
  5 goblins
  6 hobgoblins
  14 jackals
  5 quokkas
  2 ball pythons
  4 bats
  3 frilled lizards
  28 kobolds
  A leopard gecko skeleton (D:5)
  4 rats
  4 river rat simulacra (Lair:5)
767 creatures vanquished.

Vanquished Creatures (others)
  A centaur warrior (D:15)
  A yaktaur (D:15)
  2 ogres (D:5)
  An orc (Orc:2)
  32 fungi
  33 plants
70 creatures vanquished.

Grand Total: 837 creatures vanquished

Notes
Turn   | Place    | Note
-------+----------+-------------------------------------------
     0 | D:1      | rgaf the Naga Earth Elementalist began the quest for the
                  | Orb.
     0 | D:1      | Reached XP level 1. HP: 15/15 MP: 3/3
   306 | D:1      | Reached XP level 2. HP: 21/22 MP: 0/5
  1009 | D:1      | Reached XP level 3. HP: 16/28 MP: 4/6
  1174 | D:1      | You fall through a shaft!
  1472 | D:2      | Found a hazy altar of Hepliaklqana.
  1506 | D:2      | Found a blossoming altar of Fedhas.
  1643 | D:2      | Reached XP level 4. HP: 31/36 MP: 5/8
  2414 | D:2      | Learned a level 3 spell: Stone Arrow
  2679 | D:3      | Reached skill level 1 in Conjurations
  2679 | D:3      | Reached XP level 5. HP: 13/42 MP: 3/9
  3060 | D:3      | Found a runed door.
  3060 | D:3      | Noticed Anandil's ghost (amateur GnWn)
  3260 | D:3      | Reached skill level 5 in Earth Magic
  3702 | D:4      | Noticed an ogre
  3709 | D:4      | Killed an ogre
  3709 | D:4      | Reached XP level 6. HP: 36/49 MP: 2/11
  3858 | D:4      | HP: 2/49 [centaur (6)]
  4193 | D:4      | Found a runed door.
  4502 | D:4      | Found a glowing golden altar of the Shining One.
  4641 | D:5      | Entered Level 5 of the Dungeon
  4648 | D:5      | Reached XP level 7. HP: 55/55 MP: 7/12
  4887 | D:5      | Learned a level 2 spell: Passwall
  4893 | D:5      | Noticed Pikel
  4902 | D:5      | Killed Pikel
  4902 | D:5      | Reached XP level 8. HP: 36/62 MP: 7/14
  5121 | D:5      | Noticed Prince Ribbit
  5125 | D:5      | Killed Prince Ribbit
  5125 | D:5      | Reached skill level 5 in Spellcasting
  5212 | D:5      | Found a staircase to the Ecumenical Temple.
  5389 | D:5      | Noticed Grinder
  5403 | D:5      | Killed Grinder
  6264 | D:6      | Reached skill level 5 in Conjurations
  6264 | D:6      | Reached XP level 9. HP: 60/68 MP: 9/17
  6350 | D:6      | Found a sacrificial altar of Ru.
  7097 | D:6      | Found a snail-covered altar of Cheibriados.
  7400 | Temple   | Entered the Ecumenical Temple
  7764 | Temple   | Became a worshipper of Vehumet
  8238 | D:7      | Found a sparkling altar of Nemelex Xobeh.
  8301 | D:7      | Found a shimmering altar of Xom.
  8303 | D:7      | Found a shadowy altar of Dithmenos.
  8303 | D:7      | Found a hide-covered altar of Uskayaw.
  8305 | D:7      | Found a snail-covered altar of Cheibriados.
  8305 | D:7      | Found a shimmering altar of Xom.
  8305 | D:7      | Found a stormy altar of Qazlal.
  8390 | D:7      | Found a stormy altar of Qazlal.
  9061 | D:7      | Reached skill level 10 in Earth Magic
  9069 | D:7      | Reached XP level 10. HP: 71/75 MP: 10/20
  9299 | D:8      | Reached * piety under Vehumet
  9299 | D:8      | Offered knowledge of Shock by Vehumet.
  9766 | D:8      | Found an ornate altar of the Wu Jian Council.
 10014 | D:8      | Noticed Psyche
 10018 | D:8      | Killed Psyche
 10753 | D:8      | Noticed an unseen horror
 10758 | D:8      | Killed an unseen horror
 10817 | D:8      | Reached XP level 11. HP: 57/81 MP: 7/22
 10930 | D:8      | Offered knowledge of Throw Frost by Vehumet.
 11145 | D:8      | Found a glowing silver altar of Zin.
 11362 | D:8      | Reached ** piety under Vehumet
 11706 | D:9      | Noticed a deep elf mage
 11827 | D:9      | Killed a deep elf mage
 11982 | D:9      | Found a staircase to the Orcish Mines.
 11984 | D:9      | You fall through a shaft for 2 floors!
 12301 | D:10     | Entered Level 10 of the Dungeon
 12829 | D:9      | Offered knowledge of Static Discharge by Vehumet.
 12882 | D:9      | Found a staircase to the Lair.
 13412 | D:9      | Reached *** piety under Vehumet
 13656 | D:10     | Reached skill level 10 in Spellcasting
 13801 | D:10     | Reached skill level 1 in Fighting
 13936 | D:10     | Reached skill level 1 in Shields
 14081 | D:10     | Reached skill level 2 in Fighting
 14345 | D:10     | Reached skill level 3 in Fighting
 14710 | D:10     | Found Bakut's Assorted Antiques.
 14795 | D:10     | Noticed an unseen horror
 14798 | D:10     | Killed an unseen horror
 14820 | D:10     | Noticed a two-headed ogre
 14828 | D:10     | Killed a two-headed ogre
 14828 | D:10     | Reached skill level 4 in Fighting
 14993 | D:10     | Reached XP level 12. HP: 100/100 MP: 16/26
 15772 | Lair:1   | Entered Level 1 of the Lair of Beasts
 15869 | Lair:1   | Reached skill level 5 in Fighting
 16091 | Lair:1   | Offered knowledge of Ignite Poison by Vehumet.
 16475 | Lair:1   | Reached skill level 6 in Fighting
 16475 | Lair:1   | Reached skill level 5 in Shields
 17308 | Lair:2   | Reached **** piety under Vehumet
 17308 | Lair:2   | Reached skill level 7 in Fighting
 18094 | Lair:2   | Noticed Harold
 18111 | Lair:2   | Killed Harold
 18225 | Lair:2   | Reached skill level 8 in Fighting
 18236 | Lair:2   | Offered knowledge of Force Lance by Vehumet.
 18632 | Lair:2   | Found a staircase to the Shoals.
 18875 | Lair:2   | Learned a level 5 spell: Lee's Rapid Deconstruction
 18975 | Lair:3   | Found a staircase to the Snake Pit.
 18992 | Lair:2   | Reached skill level 1 in Armour
 19088 | Lair:3   | Gained mutation: You can use your snake-like lower body to
                  | constrict enemies. [Naga growth]
 19088 | Lair:3   | Reached XP level 13. HP: 118/118 MP: 18/27
 19839 | Lair:3   | Reached skill level 9 in Fighting
 22977 | Lair:5   | Reached skill level 10 in Fighting
 23273 | Lair:5   | Reached ***** piety under Vehumet
 23273 | Lair:5   | Offered knowledge of Bolt of Cold by Vehumet.
 23894 | Lair:6   | Entered Level 6 of the Lair of Beasts
 23898 | Lair:6   | Reached skill level 5 in Armour
 24212 | Lair:6   | Reached XP level 14. HP: 133/133 MP: 22/28
 24390 | Lair:6   | Paralysed by a hornet for 3 turns
 25317 | Lair:6   | Reached skill level 11 in Fighting
 26554 | Lair:6   | Found a runed door.
 26556 | Lair:6   | Found a viscous altar of Jiyva.
 26558 | Lair:6   | Found a staircase to the Slime Pits.
 27385 | Lair:6   | Reached skill level 12 in Fighting
 28033 | Orc:1    | Entered Level 1 of the Orcish Mines
 28509 | Orc:2    | Entered Level 2 of the Orcish Mines
 28966 | Orc:1    | Found a roughly hewn altar of Beogh.
 29138 | Orc:1    | Found a runed gate.
 29138 | Orc:1    | Found a runed gate.
 29138 | Orc:1    | Found a runed gate.
 29141 | Orc:1    | Found an opulent altar of Gozag.
 29157 | Orc:1    | Noticed apoch's ghost (journeyman MiBe)
 29452 | Orc:2    | Found a staircase to the Elven Halls.
 30694 | Orc:2    | Offered knowledge of Conjure Ball Lightning by Vehumet.
 30723 | Orc:2    | Found Beomaov's Assorted Antiques.
 30723 | Orc:2    | Found Neusy's Food Boutique.
 30846 | Orc:2    | Bought a crude lapis lazuli ring for 90 gold pieces
 30847 | Orc:2    | Identified the ring "Bijoxt" {*Drain rPois rF+ SInv} (You
                  | bought it in a shop on level 2 of the Orcish Mines)
 30890 | Orc:2    | Found a roughly hewn altar of Beogh.
 31166 | Orc:2    | Found Exoeleen's Gadget Shoppe.
 31166 | Orc:2    | Found Dich's Food Boutique.
 31325 | Orc:2    | Reached XP level 15. HP: 139/146 MP: 23/29
 31795 | Orc:2    | Noticed an orc warlord
 32461 | D:12     | Got a translucent ring mail
 32723 | D:12     | Reached skill level 13 in Fighting
 33793 | D:13     | Found a runed gate.
 33794 | D:13     | Found a runed gate.
 33795 | D:13     | Found a runed gate.
 33797 | D:13     | Noticed TheEmptyUnknown's ghost (journeyman DrFi)
 34612 | D:13     | Identified the +1 ring mail of Tartarus {rN++ Int+4} (You
                  | found it on level 12 of the Dungeon)
 34645 | D:13     | Found Tukezipn's Antique Weapon Emporium.
 35432 | D:13     | Found a gate to the Vaults.
 36208 | D:14     | Reached skill level 10 in Armour
 36300 | D:14     | Reached skill level 14 in Fighting
 37078 | D:14     | Found a transporter.
 37321 | D:15     | Entered Level 15 of the Dungeon
 37844 | D:15     | Identified the +7 battleaxe of Qoor {flame, Dex+5}
 38968 | D:15     | Reached XP level 16. HP: 159/159 MP: 21/30
 39704 | D:15     | Found a staircase to the Depths.
 40740 | D:15     | Offered knowledge of Poison Arrow by Vehumet.
 41074 | D:4      | Noticed Crazy Yiuf
 41076 | D:4      | Killed Crazy Yiuf
 41381 | Snake:1  | Entered Level 1 of the Snake Pit
 41566 | Snake:1  | Noticed Nikola
 41575 | Snake:1  | Slain by a shock serpent

Vault maps used:
D:1:      dpeg_arrival_solitude, chequers_mini_garden
D:2:      fedhas_ov_isle_minmay, lemuel_round_altar, hex_medium
D:3:      ebering_ghost_inner_flame
D:4:      tso_altar, first_ration, chequers_serial_rivers_room_a, st_stairs_7,
          uniq_crazy_yiuf_cottage
D:5:      minmay_temple_entry_from_below_b, minivault_1, st_stairs_6,
          uniq_pikel, uniq_grinder, uniq_prince_ribbit1
D:6:      nicolae_ru_the_path_less_chosen, nicolae_overflow_crystal_walls
D:7:      nemelex_xobeh_ov_fountains_minmay, doesnt_xom_only_xom,
          lemuel_round_altar, grunt_livestock
D:8:      kb_forest_paths, nicolae_overflow_hidden_temple, zin_statuary,
          hangedman_abyss_or_decor_lesser_grid, grunt_ministairs_15, uniq_psyche
D:9:      due_lair_maze_entry_diamond, orc_0_dummy, minmay_chambers_of_fives
D:10:     serial_shops, kennysheep_little_box, minivault_14,
          lightli_fourway_metalbox
D:13:     david_vaults_1, gammafunk_ghost_necromancy, serial_shops,
          nicolae_shop_statue_plus
D:14:     emtedronai_trogs_sanctum, minivault_26,
          nrook_guardian_serpent_ordinary
D:15:     grunt_enter_depths_snipers, minivault_15
Temple:   minmay_temple_forest_path
Lair:2:   elwin_shoals_entry_rooms, serial_rivers,
          chequers_serial_rivers_room_b, chequers_serial_rivers_micro_a,
          chequers_serial_rivers_micro_e, chequers_serial_rivers_micro_d,
          beast_lair_carwin_11, lemuel_fruit_fields, uniq_harold
Lair:3:   minmay_snake_entry_guardpost_small, minmay_lair_oklob_chamber,
          lemuel_fruit_fields, lemuel_fruit_tree
Lair:4:   serial_bayou_pond_c, grunt_megastairs_1, serial_bayou_shore_b
Lair:5:   portal_ice_cave_demonic_guard, eino_house_with_fridge,
          serial_bayou_shore_b, infiniplex_staircase_pool
Lair:6:   hangedman_lair_tendril_chambers, slime_altar_2,
          bobbens_ice_dragon_lair
Snake:1:  uniq_nikola
Orc:1:    ebering_ghost_gozag, kennysheep_orc_chapel
Orc:2:    st_orc_town

Skill      XL: |  1  2  3  4  5  6  7  8  9 10 11 12 13 14 15 16 |
---------------+-------------------------------------------------+-----
Earth Magic    | 4 5 6 7 8 10 11 12 13 | 13.0
Spellcasting   | 3 4 5 6 7 10 11 | 11.0
Conjurations   | 1 2 3 5 6 7 8 9 |  9.7
Fighting       | 4 8 10 12 14 | 14.0
Shields        | 3 7 8 9 |  9.0
Armour         | 1 5 8 10 | 10.0
Dodging        | |  1.5
Stealth        | |  3.0
Transmutations | |  1.0

Action                   |  1- 3 |  4- 6 |  7- 9 | 10-12 | 13-15 | 16-18 || total
-------------------------+-------+-------+-------+-------+-------+-------++-------
Melee: Hand axe          |    56 |    10 |       |       |       |       ||    66
       War axe           |       |    19 |       |       |       |       ||    19
       Trident           |       |     6 |       |       |       |       ||     6
       Long sword        |       |    22 |       |       |       |       ||    22
       Whip              |       |       |    69 |   227 |   238 |     5 ||   539
       Constrict         |       |       |       |       |    45 |     3 ||    48
 Cast: Sandblast         |    30 |    41 |    49 |   110 |   175 |    61 ||   466
       Stone Arrow       |       |     8 |    49 |   304 |   830 |    67 ||  1258
       Lee's Rapid Decon |       |       |       |       |    36 |     8 ||    44
 Abil: Spit Poison       |       |     1 |       |     2 |     3 |       ||     6
Evoke: Wand              |       |       |       |     1 |     6 |     2 ||     9
  Use: Scroll            |       |       |    10 |    11 |    21 |     2 ||    44
       Potion            |       |       |     4 |       |     1 |     3 ||     8
 Stab: Sleeping          |     1 |       |     1 |     1 |       |       ||     3
       Distracted        |     1 |       |       |       |       |       ||     1
  Eat: Chunk             |     1 |     7 |     9 |    24 |    43 |     3 ||    87
       Ration            |       |       |     2 |       |     3 |     1 ||     6
Armor: Robe              |    21 |    22 |       |       |       |       ||    43
       Leather armour    |       |     6 |    45 |   253 |   331 |    34 ||   669
Dodge: Dodged            |    65 |    41 |    56 |   276 |   296 |    28 ||   762
Block: Shield            |       |       |       |    15 |   546 |    50 ||   611
       Reflection        |       |       |       |     2 |    39 |     7 ||    48
       Rpst.: Long sword |       |     3 |     1 |       |       |       ||     4

Table legend:
 A = Non-vault XP
 B = Vault XP
 C = Vault XP percentage of total XP
 D = Non-vault monster count
 E = Vault monster count
 F = Vault count percentage of total count
                 A         B        C        D         E       F
            +---------+---------+-------+---------+---------+-------
      Total |  110885 |   34166 |  23.6 |     589 |     181 |  23.5
            +---------+---------+-------+---------+---------+-------
        D:1 |      46 |       0 |   0.0 |      25 |       0 |   0.0
        D:2 |      77 |       0 |   0.0 |      23 |       0 |   0.0
        D:3 |     152 |       0 |   0.0 |      13 |       0 |   0.0
        D:4 |     324 |      42 |  11.5 |       4 |       2 |  33.3
        D:5 |     523 |    1171 |  69.1 |      16 |       3 |  15.8
        D:6 |    1102 |       0 |   0.0 |      17 |       0 |   0.0
        D:7 |     740 |    1134 |  60.5 |      14 |       6 |  30.0
        D:8 |    2207 |    2271 |  50.7 |      35 |      18 |  34.0
        D:9 |    1029 |    2232 |  68.4 |      32 |      17 |  34.7
       D:10 |    4764 |     539 |  10.2 |      33 |       3 |   8.3
       D:11 |     572 |       0 |   0.0 |       5 |       0 |   0.0
       D:12 |   14496 |       0 |   0.0 |      40 |       0 |   0.0
       D:13 |    5422 |    1378 |  20.3 |      21 |       3 |  12.5
       D:14 |    9964 |       0 |   0.0 |      37 |       0 |   0.0
       D:15 |   18516 |    2991 |  13.9 |      58 |       4 |   6.5
     Lair:1 |    5171 |       0 |   0.0 |      21 |       0 |   0.0
     Lair:2 |    6231 |    1600 |  20.4 |      30 |       5 |  14.3
     Lair:3 |    3366 |    1225 |  26.7 |      10 |       5 |  33.3
     Lair:4 |    7391 |     373 |   4.8 |      16 |       2 |  11.1
     Lair:5 |   10610 |    1755 |  14.2 |      44 |      15 |  25.4
     Lair:6 |   10245 |    9721 |  48.7 |      28 |      34 |  54.8
    Snake:1 |    4049 |       0 |   0.0 |       8 |       0 |   0.0
      Orc:1 |    1962 |    2242 |  53.3 |      24 |      12 |  33.3
      Orc:2 |    1926 |    5492 |  74.0 |      35 |      52 |  59.8
            +---------+---------+-------+---------+---------+-------
